 Dungeon Crawl Stone Soup version 0.22-a0-355-g201945f (webtiles) character file.

0 Amnesiac the Shield-Bearer (level 1, 0/11 HPs)
             Began as a Vine Stalker Fighter on Apr 17, 2018.
             Slain by an adder (1 damage)
             ... on level 2 of the Dungeon.
             The game lasted 00:00:19 (172 turns).

Amnesiac the Shield-Bearer (Vine Stalker Fighter)    Turns: 172, Time: 00:00:20

Health: 0/11       AC:  6    Str: 18    XL:     1   Next: 10%
Magic:  0/2        EV:  7    Int:  8    God:
Gold:   0          SH:  9    Dex: 13    Spells: 0/0 levels left

rFire    . . .     SeeInvis .   a - +0 rapier
rCold    . . .     Gourm    .   c - +0 shield
rNeg     . . .     Faith    .   b - +0 scale mail
rPois    .         Spirit   +   (no helmet)
rElec    .         Reflect  .   (no cloak)
rCorr    .         Harm     .   (no gloves)
MR       .....                  (no boots)
Stlth    ..........             (no amulet)
HPRegen  0.03/turn              (no ring)
MPRegen  0.08/turn              (no ring)

@: no status effects
A: fangs 2, magic shield, antimagic bite, no potion heal 3, rot immunity
a: no special abilities


You were on level 2 of the Dungeon.
You were not hungry.

You visited 1 branch of the dungeon, and saw 2 of its levels.

Inventory:

Hand Weapons
 a - a +0 rapier (weapon)
Armour
 b - a +0 scale mail (worn)
 c - a +0 shield (worn)
Scrolls
 e - a scroll of remove curse {!r, unknown}
Potions
 d - a potion of might {!q}
 g - a potion of degeneration {!q, unknown}
Comestibles
 f - 3 rations


   Skills:
 - Level 2.6 Fighting
 + Level 1.8 Short Blades
 - Level 2.4 Armour
 - Level 2.6 Shields


You couldn't memorise any spells.
You didn't know any spells.

Dungeon Overview and Level Annotations

Branches:
Dungeon (2/15)

Altars:


Innate Abilities, Weirdness & Mutations

You have extremely sharp teeth.
When hurt, damage is shared between your health and your magic reserves.
Your bite disrupts and absorbs the magic of your enemies.
Potions cannot restore your health.
You are immune to rotting.


Message History

There is a stone staircase leading up here.
f - 2 rations (gained 1)
f - 3 rations (gained 1)
An adder comes into view.
The adder hisses angrily.
An adder is nearby!
You miss the adder. The adder bites you.
You hit the adder but do no damage. You bite the adder. You drain its power.
You feel invigorated.
The adder is lightly wounded.
The adder bites you. The adder bites you but does no damage.
You closely miss the adder.
The adder is lightly wounded.
You block the adder's attack.
You closely miss the adder.
The adder is lightly wounded.
You block the adder's attack. The adder bites you but does no damage.
You barely miss the adder.
The adder is lightly wounded.
You block the adder's attack.
You closely miss the adder.
The adder is lightly wounded.
The adder barely misses you. x2
You completely miss the adder.
The adder is lightly wounded.
The adder closely misses you.
You hit the adder but do no damage.
The adder is lightly wounded.
You block the adder's attack. x2
You hit the adder.
The adder is moderately wounded.
The adder barely misses you.
You closely miss the adder.
The adder is moderately wounded.
The adder bites you but does no damage. The adder bites you.
You hit the adder but do no damage.
The adder is moderately wounded.
The adder barely misses you. The adder bites you.
You barely miss the adder.
The adder is moderately wounded.
You block the adder's attack.
You hit the adder but do no damage.
The adder is moderately wounded.
The adder bites you.
* * * LOW HITPOINT WARNING * * *
The adder barely misses you.
You miss the adder.
The adder is moderately wounded.
The adder closely misses you.
You barely miss the adder.
The adder is moderately wounded.
The adder bites you but does no damage. You block the adder's attack.
You miss the adder.
The adder is moderately wounded.
The adder bites you.
* * * LOW HITPOINT WARNING * * *
The adder bites you but does no damage.
You are too injured to fight recklessly!
You are too injured to fight recklessly!
You are too injured to fight recklessly!
You miss the adder.
The adder is moderately wounded.
The adder bites you.
You die... .PP..♣ .bPP

.... ...# #..#
#..# #..# #S.#
####@.## #......#
#.##...##### #.
#........
.#####.##...####.
.............#
######......##
####..## #..#


You could see an adder and a bat.

Vanquished Creatures
  A kobold (D:1)
1 creature vanquished.

Notes
Turn   | Place    | Note
-------+----------+-------------------------------------------
     0 | D:1      | Amnesiac the Vine Stalker Fighter began the quest for the Orb.
     0 | D:1      | Reached XP level 1. HP: 11/11 MP: 2/2
   172 | D:2      | Slain by an adder

Vault maps used:
D:1:      dpeg_arrival_concentric_ovals, minmay_misc_feat_x
D:2:      okawaru_ov_weapons_minmay, serial_forest, infiniplex_forest_zigzag_1,
          infiniplex_forest_clump_long, infiniplex_forest_clump_medium,
          infiniplex_forest_3_way, infiniplex_forest_clump_small,
          infiniplex_forest_straight_3, infiniplex_forest_side_room,
          first_ration

Action                   || total
-------------------------++-------
Melee: Rapier            ||    18
       Bite              ||     1
Armor: Scale mail        ||     7
Dodge: Dodged            ||     8
Block: Shield            ||     7

Table legend:
 A = Spawn XP
 B = Non-spawn XP
 C = Spawn XP percentage of total XP
 D = Spawn monster count
 E = Non-spawn monster count
 F = Spawn count percentage of total count
 G = Total turns spent on level
                    A         B        C        D         E        F      G
               +---------+---------+-------+---------+---------+-------+---------
         Total |       0 |       1 |   0.0 |       0 |       1 |   0.0 |   172
               +---------+---------+-------+---------+---------+-------+---------
           D:1 |       0 |       1 |   0.0 |       0 |       1 |   0.0 |   135
               +---------+---------+-------+---------+---------+-------+---------
